AoeStats
← PJ2

Arena

509095338Analyzed
1v1 RM · 7d ago on Sep 25, 2026· 39m 38s· 2 players
Game mode
Random Map
Map size
Tiny (2 player)
Population
200
Speed
Normal
Resources
Standard
Victory
Conquest
Starting age
Dark Age
Ending age
Imperial Age
RankedLock teamsTeams togetherTeam positionsShared explorationLock speedFull tech treeHidden civsTurbo modeCheats
Victory
Defeat
🇺🇸 Byzantines · United States
995
+18
🇮🇹 Franks · Italy
1040
-18
PJ2
11:05 Feudal Age
15:20 Castle Age
13:34 Horse Collar
14:48 Double-Bit Axe
18:04 Sanctity
18:51 Forging
21:00 Fervor
23:35 Devotion
25:25 Loom
27:01 Wheelbarrow
28:14 Heavy Plow
28:38 Fletching
30:28 Stone Mining
30:29 Gold Mining
33:42 Imperial Age
31:57 Ballistics
32:12 Bodkin Arrow
32:18 Scale Mail Armor
32:54 Iron Casting
32:25 Scale Barding Armor
34:29 Squires
33:50 Pikeman
34:16 Arson
34:58 Conscription
35:14 Hoardings
34:46 Bracer
35:02 Chain Mail Armor
35:24 Hand Cart
36:16 Chemistry
35:28 Fortified Wall
36:30 Guilds
40:19 Chain Barding Armor
40:30 Plate Mail Armor
Mosto990
10:42 Feudal Age
12:04 Double-Bit Axe
14:53 Castle Age
13:13 Stone Mining
14:40 Loom
19:48 Bow Saw
20:01 Gold Mining
24:13 Wheelbarrow
24:23 Town Watch
26:48 Hand Cart
30:42 Imperial Age
29:09 Forging
29:10 Scale Mail Armor
30:23 Ballistics
29:46 Treadmill Crane
30:17 Fortified Wall
31:13 Squires
32:34 Gold Shaft Mining
31:37 Pikeman
32:39 Chain Mail Armor
32:49 Conscription
34:08 Chemistry
34:28 Elite Throwing Axeman
37:30 Iron Casting
37:25 Plate Mail Armor
36:54 Halberdier
Connection lost

Rejoining the realm…

Still unreachable

The connection could not be restored.

Session expired

The server has moved on; the page needs a fresh start.